 Dungeon Crawl Stone Soup version 0.27.0-1-g7a089689b8 (webtiles) character file.

Game seed: 15179652597953599923

102 thirtiethelement the Skirmisher (level 4, -20/37 HPs)
             Began as a Demonspawn Abyssal Knight on Aug 14, 2021.
             Was a Follower of Lugonu.
             Demolished by an ogre (25 damage)
             ... on level 4 of the Dungeon.
             The game lasted 00:08:39 (3884 turns).

thirtiethelement the Skirmisher (DsAK)              Turns: 3884, Time: 00:08:40

Health: -20/37     AC:  3    Str: 12    XL:     4   Next: 50%
Magic:  5/5        EV: 11    Int: 14    God:    Lugonu [*.....]
Gold:   133        SH:  4    Dex: 13    Spells: 0/3 levels left

rFire    . . .     SeeInvis .   a - +2 falchion
rCold    . . .     Faith    .   (no shield)
rNeg     + . .     Spirit   .   b - +0 leather armour
rPois    .         Reflect  .   (no helmet)
rElec    .         Harm     .   (no cloak)
rCorr    .         Rampage  .   (no gloves)
Will     .....                  (no boots)
Stlth    +.........             (no amulet)
HPRegen  0.12/turn              g - ring of positive energy
MPRegen  0.09/turn              (no ring)

@: no status effects
A: claws 1, large bone plates 1
a: Renounce Religion, Depart the Abyss


You were on level 4 of the Dungeon.
You worshipped Lugonu.
Lugonu was aware of your devotion.
You visited 1 branch of the dungeon, and saw 4 of its levels.
You visited the Abyss 1 time.

You collected 133 gold pieces.

Inventory:

Hand Weapons
 a - a +2 falchion (weapon)
 c - a +2 whip of freezing
Missiles
 e - 4 silver javelins (quivered)
Armour
 b - a +0 leather armour (worn)
Magical Staves
 h - a staff of poison
Jewellery
 g - a ring of positive energy (left claw)
 i - a ring of positive energy
Wands
 d - a wand of digging (5)
 f - a wand of iceblast (2)
Scrolls
 n - a scroll of identify
 p - a scroll of fear {unknown}
 q - a scroll of noise {unknown}
Potions
 j - a potion of brilliance {unknown}
 k - a potion of heal wounds
 l - 2 potions of magic {unknown}
 m - a potion of degeneration {unknown}
 o - 2 potions of invisibility {unknown}
 r - a potion of lignification
 s - a potion of curing {unknown}


   Skills:
 + Level 3.9 Fighting
 + Level 2.9 Long Blades
 + Level 2.2 Armour
 + Level 1.0 Dodging
 + Level 0.3 Shields
 * Level 0.1 Spellcasting
 + Level 2.5 Invocations
 + Level 0.8 Evocations


You couldn't memorise any spells.
You knew the following spells:

 Your Spells              Type           Power      Damage    Failure   Level
a - Call Canine Familiar  Summ           0%         N/A       73%         3

Your spell library contained the following spells:

 Spells                   Type           Power      Damage    Failure   Level
 Slow                     Hex            0%         N/A       50%         2
 Confusing Touch          Hex            0%         N/A       73%         3
 Ignite Poison            Fire/Tmut/Pois 0%         N/A       73%         3
 Mephitic Cloud           Conj/Pois/Air  0%         N/A       73%         3
 Portal Projectile        Hex/Tloc       0%         N/A       73%         3
 Leda's Liquefaction      Hex/Erth       0%         N/A       98%         4
 Bolt of Magma            Conj/Fire/Erth 0%         4d4       100%        5
 Yara's Violent Unravell  Hex/Tmut       0%         3d3       100%        5


Dungeon Overview and Level Annotations

Branches:
Dungeon (4/15)
 Temple: D:4-7

Altars:
Dithmenos


Innate Abilities, Weirdness & Mutations

You have sharp fingernails.
You are partially covered in large bone plates. (SH +4)


Message History

The endoplasm is almost dead.
You block the endoplasm's attack.
You hit the endoplasm.
You kill the endoplasm!
Lugonu accepts your kill.
No target in view!
HP restored.
Found a potion of lignification.
You see here a potion of lignification.
r - a potion of lignification
s - a dark potion
Found a dire flail.
Found a stone staircase leading up.
An ogre comes into view. It is wielding a +0 giant spiked club.
The ogre shouts!
You hear a shout!
Throw: 6 javelins (silver)
Press: ? - help, Q - select action, (/) - cycle Shift-Dir - straight line, f - ogre
Aim: an ogre, wielding a +0 giant spiked club (73% to hit)
You throw a silver javelin.
The silver javelin pierces through the ogre.
The ogre is lightly wounded.
Throw: 5 javelins (silver)
Press: ? - help, Q - select action, (/) - cycle Shift-Dir - straight line, f/p - ogre
Aim: an ogre, wielding a +0 giant spiked club (lightly wounded, 73% to hit)
You throw a silver javelin.
The silver javelin pierces through the ogre!
The ogre is heavily wounded.
The ogre hits you but does no damage.
You hit the ogre.
The ogre is severely wounded.
You barely miss the ogre.
The ogre is severely wounded.
The ogre hits you with a +0 giant spiked club!
You hit the ogre.
The ogre is almost dead.
The ogre hits you with a +0 giant spiked club!!
* * * LOW HITPOINT WARNING * * *
The ogre hits you with a +0 giant spiked club!!
Ouch! That really hurt!
You die...

#.......# #.......#
##.....######
#.......)...######
#.......###......##
#.......# ######..##
##.....## ##..#
##...## ########.#
#@### #......... #O#
#......... #.#
#......... #.#
#.........
#####.########........
#..........# #.<.)....
#..........# #........
#..........# #........
#..........# #........


You could see an ogre.

Vanquished Creatures
  3 nameless horrors
  Robin (D:3)
  3 adders (D:2)
  A worm (D:2)
  2 dart slugs
  2 orcs
  4 bats
  6 endoplasms
  13 goblins
  5 hobgoblins
  3 jackals (D:1)
  4 kobolds
  2 quokkas
  2 ball pythons
  2 frilled lizards (D:1)
  A rat (D:1)
54 creatures vanquished.

Vanquished Creatures (others)
  4 tentacles (Abyss:3)
4 creatures vanquished.

Grand Total: 58 creatures vanquished

Notes
Turn   | Place    | Note
-------+----------+-------------------------------------------
     0 | Abyss:1  | thirtiethelement the Demonspawn Abyssal Knight began the
                  | quest for the Orb.
     0 | Abyss:1  | Reached XP level 1. HP: 18/18 MP: 2/2
    93 | Abyss:1  | Noticed a hellephant
   112 | Abyss:1  | Noticed a small abomination
   115 | Abyss:1  | Noticed a demonic crawler
   123 | Abyss:2  | Noticed a small abomination
   151 | Abyss:2  | Noticed a white very ugly thing
   151 | Abyss:2  | Noticed a white very ugly thing
   151 | Abyss:2  | Noticed a white ugly thing
   151 | Abyss:2  | Noticed a white very ugly thing
   151 | Abyss:2  | Noticed a white ugly thing
   152 | Abyss:2  | Noticed a chaos spawn
   173 | Abyss:3  | Noticed a kraken
   199 | Abyss:3  | Found a corrupted altar of Lugonu.
   205 | Abyss:3  | Noticed a ynoxinul
   244 | Abyss:4  | Noticed a large abomination
   245 | Abyss:4  | Noticed a large abomination
   261 | Abyss:4  | Noticed a spatial maelstrom
   261 | Abyss:4  | Noticed a spatial vortex
   261 | Abyss:4  | Noticed a spatial vortex
   261 | Abyss:4  | Noticed a spatial vortex
   262 | D:1      | Escaped the Abyss
   576 | D:1      | Gained mutation: You are partially covered in large bone
                  | plates. (SH +4) [demonic ancestry]
   576 | D:1      | Reached XP level 2. HP: 24/24 MP: 3/3
   614 | D:1      | Reached * piety under Lugonu
  1270 | D:2      | Found a faded altar of an unknown god.
  1290 | D:2      | Reached XP level 3. HP: 28/30 MP: 4/4
  1463 | D:2      | Found a shadowy altar of Dithmenos.
  2046 | D:2      | Gained mutation: You have sharp fingernails. [demonic
                  | ancestry]
  2046 | D:2      | Reached XP level 4. HP: 35/37 MP: 5/5
  2249 | D:3      | Learned a level 3 spell: Call Canine Familiar
  2397 | D:3      | Noticed a nameless horror
  2434 | D:1      | Killed a nameless horror
  2676 | D:3      | Noticed a nameless horror
  2713 | D:3      | Killed a nameless horror
  3245 | D:3      | Noticed Robin
  3246 | D:3      | Noticed a nameless horror
  3269 | D:3      | Killed Robin
  3295 | D:3      | Killed a nameless horror
  3809 | D:4      | Reached skill level 1 in Dodging
  3869 | D:4      | Noticed an ogre
  3884 | D:4      | Demolished by an ogre

Illustrated notes

Levels and vault maps discovered:
D:1:      minmay_arrival_doors, layout_basic
D:2:      layout_basic, basic_altar, ebering_ecumenical_altar_box, minivault_25,
          dk_noncrumbling_4
D:3:      layout_loops_cross, chequers_serial_rivers_large_b, uniq_robin
D:4:      layout_rooms, xom_redecorated, ebering_ghost_rock_garden,
          uniq_blork_the_orc

Skill      XL: |  1  2  3  4 |
---------------+-------------+-----
Long Blades    | 2 |  2.9
Armour         | 2 |  2.2
Dodging        | 1 |  1.0
Fighting       | |  3.9
Shields        | |  0.3
Spellcasting   | |  0.1
Invocations    | |  2.5
Evocations     | |  0.8

Action                   |  1- 3 |  4- 6 || total
-------------------------+-------+-------++-------
Melee: Falchion          |    78 |    86 ||   164
Throw: Javelin           |     1 |     3 ||     4
Invok: Depart the Abyss  |     1 |       ||     1
Evoke: Wand              |       |     5 ||     5
  Use: Scroll            |     1 |     2 ||     3
       Potion            |       |     3 ||     3
Armor: Leather armour    |    24 |    16 ||    40
       Skin              |       |    26 ||    26
Dodge: Dodged            |    47 |    58 ||   105
Block: Other             |    17 |    17 ||    34
       Rpst.: Falchion   |    13 |    16 ||    29
